 Dungeon Crawl Stone Soup version 0.26.1-11-gd32895ea62 (webtiles) character file.

Game seed: 3303804463190303093

47 nothank2 the Shield-Bearer (level 3, -1/24 HPs)
             Began as a Gargoyle Fighter on June 15, 2021.
             Slain by a goblin
             ... wielding a +0 club
             ... led by Robin
              (4 damage)
             ... on level 1 of the Dungeon.
             The game lasted 00:02:18 (877 turns).

nothank2 the Shield-Bearer (Gargoyle Fighter)        Turns: 877, Time: 00:02:19

Health: -1/24      AC: 10    Str: 26    XL:     3   Next: 70%
Magic:  3/3        EV:  7    Int:  8    God:
Gold:   64         SH: 10    Dex:  9    Spells: 2/2 levels left

rFire    . . .     SeeInvis .   a - +0 flail
rCold    . . .     Faith    .   c - +0 kite shield
rNeg     + . .     Spirit   .   b - +0 scale mail
rPois    ∞         Reflect  .   (no helmet)
rElec    +         Harm     .   h - scarf {shadows}
rCorr    .         Rampage  .   (no gloves)
Will     .....                  (no boots)
Stlth    ..........             (no amulet)
HPRegen  0.08/turn              e - +6 ring of strength
MPRegen  0.08/turn              g - ring of attention (curse)

@: no status effects
A: negative energy resistance 1, electricity resistance, unbreathing,
petrification resistance, miasma immunity, AC +3
a: no special abilities


You were on level 1 of the Dungeon.
You visited 1 branch of the dungeon, and saw 2 of its levels.

You collected 64 gold pieces.

Inventory:

Hand Weapons
 a - a +0 flail (weapon)
Armour
 b - a +0 scale mail (worn)
 c - a +0 kite shield (worn)
 h - a scarf of shadows (worn)
Jewellery
 e - a +6 ring of strength (left hand)
 g - a cursed ring of attention (right hand)
Scrolls
 f - 2 scrolls of enchant armour {unknown}
 j - 2 scrolls of identify {unknown}
Potions
 d - a potion of might
 i - a potion of flight {unknown}
 k - 3 potions of curing {unknown}
 l - 2 potions of attraction {unknown}


   Skills:
 + Level 3.6 Fighting
 + Level 2.6 Maces & Flails
 + Level 3.8 Armour
 + Level 3.8 Shields


You had 2 spell levels left.
You didn't know any spells.
Your spell library was empty.

Dungeon Overview and Level Annotations

Branches:
Dungeon (2/15)

Altars:
Gozag

Annotations:
D:1 Robin


Innate Abilities, Weirdness & Mutations

You are resistant to torment.
Your stone body is resilient. (AC +3)
You are immune to poison.
You resist negative energy. (rN+)
You are resistant to electric shocks. (rElec)
You can survive without breathing.
You are immune to petrification.
You are immune to miasma.


Message History

Robin throws the goblin at you!
A goblin comes into view.
You block the goblin's attack. The goblin hits you but does no damage.
The goblin hits you.
* * * LOW HITPOINT WARNING * * *
You block the goblin's attack.
The goblin shouts!
Robin throws the goblin at you! You block the goblin's attack.
There is a stone staircase leading up here.
You block Robin's attack. The goblin hits you with a +0 club.
* * * LOW HITPOINT WARNING * * *
The goblin hits you but does no damage. The goblin closely misses you.
You climb upwards.
There is a stone staircase leading down here.
You sock the goblin!
You kill the goblin!
The goblin closely misses you.
You barely miss the goblin. The goblin hits you but does no damage.
The goblin hits you with a +0 club.
You die...

#.#... #.###( #.# #† #.# #.
#.###. #..... ########.
#############........
#..g@gg............#.
#.#########.#.#.##.#. #.#
#..).....)..
#.########..#.#.#(.#(
#.##.......(...##....
#.##.#####.##.###..#. #.##.#
#.#### #..#.
#.##.#####.######..##
########.##...........##..##


You could see Robin and 2 goblins.

Vanquished Creatures
  An adder (D:2)
  An ooze (D:1)
  A dart slug (D:1)
  2 giant cockroaches (D:1)
  8 goblins
  3 hobgoblins (D:1)
  6 kobolds (D:1)
  4 bats
  7 rats (D:1)
33 creatures vanquished.

Notes
Turn   | Place    | Note
-------+----------+-------------------------------------------
     0 | D:1      | nothank2 the Gargoyle Fighter began the quest for the Orb.
     0 | D:1      | Reached XP level 1. HP: 14/14 MP: 1/1
   200 | D:1      | Reached XP level 2. HP: 19/19 MP: 2/2
   365 | D:1      | Reached XP level 3. HP: 20/23 MP: 3/3
   808 | D:2      | Found an opulent altar of Gozag.
   865 | D:2      | Noticed Robin
   877 | D:1      | Slain by a goblin

Illustrated notes

Levels and vault maps discovered:
D:1:      roderic_crossed_star, layout_loops_ring
D:2:      layout_basic, grunt_temple_overflow_open, serial_forest,
          infiniplex_forest_lined_corner, infiniplex_forest_split,
          infiniplex_forest_end_3, infiniplex_forest_clump_tiny,
          infiniplex_forest_clump_curved, infiniplex_forest_lined_ring,
          infiniplex_forest_clump_diagonal, nicolae_gozag_seed_capital,
          uniq_terence, uniq_natasha, uniq_robin

Action                   || total
-------------------------++-------
Melee: Flail             ||    76
Armor: Scale mail        ||    46
Dodge: Dodged            ||    42
Block: Kite shield       ||    68
